 Dungeon Crawl Stone Soup version 0.29-a0-1014-ga8c0faee3b (webtiles) character file.

Game seed: 9267527732864159302

5882 2tc the Cruncher (level 10, -2/54 HPs)
             Began as a Gargoyle Ice Elementalist on Aug 9, 2022.
             Was an Elder of Dithmenos.
             Slain by a two-headed ogre
             ... wielding a +0 dire flail
              (6 damage)
             ... on level 10 of the Dungeon.
             The game lasted 00:41:23 (14706 turns).

2tc the Cruncher (Gargoyle Ice Elementalist)       Turns: 14706, Time: 00:41:23

Health: -2/54      AC: 19    Str: 12    XL:     10   Next: 82%
Magic:  11/13      EV: 12    Int: 18    God:    Dithmenos [****..]
Gold:   525        SH:  0    Dex: 12    Spells: 2/13 levels left

rFire   + . .      SeeInvis .   w - staff of earth
rCold   + . .      Faith    .   (no shield)
rNeg    + . .      Spirit   .   C - +1 robe {rC+ rF+}
rPois   ∞          Reflect  .   p - +0 helmet
rElec   +          Harm     .   (no cloak)
rCorr   .          Rampage  .   (no gloves)
Will    .....                   (no boots)
Stlth   +++.......              r - amulet of magic regeneration
HPRegen 0.18/turn               (no ring)
MPRegen 0.53/turn               (no ring)

@: ice-armoured, freezing walls, wreathed by umbra
A: sickness immunity, AC +7, negative energy resistance 1, electricity
resistance, torment resistance 1, petrification resistance
a: Renounce Religion, Shadow Step


You were on level 10 of the Dungeon.
You worshipped Dithmenos.
Dithmenos was greatly pleased with you.
You visited 2 branches of the dungeon, and saw 11 of its levels.
You also visited: Sewer.

You collected 525 gold pieces.

Inventory:

Hand Weapons
 c - a +1 dagger of venom
 e - a +0 whip
 v - a +2 mace of protection
Missiles
 G - a throwing net
Armour
 j - a +0 buckler
 n - an orb of energy
 p - a +0 helmet (worn)
 C - a +1 robe of resistance (worn)
Magical Staves
 w - a staff of earth (weapon)
Jewellery
 d - an amulet of reflection
 q - a ring of ice
 r - an amulet of magic regeneration (around neck)
 E - a ring of magical power
 H - a +6 ring of intelligence
Wands
 a - a wand of acid (7)
 u - a wand of paralysis (4)
 z - a wand of flame (10)
Scrolls
 t - 2 scrolls of fear
 x - a scroll of teleportation
 y - 2 scrolls of enchant weapon
 D - 3 scrolls of identify
 F - 2 scrolls of amnesia
Potions
 b - 2 potions of magic
 f - a potion of invisibility
 g - 9 potions of flight
 h - 6 potions of curing
 i - a potion of lignification {unknown}
 k - 2 potions of brilliance
 l - a potion of heal wounds {unknown}
 m - 2 potions of might {unknown}
 o - 5 potions of haste
 s - 2 potions of resistance {unknown}
 A - a potion of cancellation
 B - a potion of berserk rage {unknown}


   Skills:
 - Level 2.7 Fighting
 - Level 12.0 Staves
 - Level 1.5 Dodging
 - Level 2.1 Stealth
 - Level 2.0 Spellcasting
 + Level 2.4 Conjurations
 - Level 9.2 Ice Magic
 - Level 6.0 Earth Magic


You had 2 spell levels left.
You knew the following spells:

 Your Spells              Type           Power      Damage    Failure   Level
a - Freeze                Ice            100%       1d11      1%          1
b - Frozen Ramparts       Ice            70%        1d11      1%          3
c - Ozocubu's Armour      Ice            35%        N/A       1%          3
d - Hailstorm             Conj/Ice       22%        3d7       16%         4

Your spell library contained the following spells:

 Spells                   Type           Power      Damage    Failure   Level
 Blink                    Tloc           2%         N/A       26%         2
 Petrify                  Tmut/Erth      18%        N/A       45%         4
 Metabolic Englaciation   Hex/Ice        9%         N/A       58%         5
 Manifold Assault         Tloc           1%         N/A       99%         5
 Storm Form               Tmut/Air       0%         N/A       100%        7
 Statue Form              Tmut/Erth      Unusable   N/A       N/A         6

Dungeon Overview and Level Annotations

Branches:
Dungeon (10/15)            Temple (1/1) D:5            Lair (0/5) D:9
    Orc (0/2) D:9           Sewer (visited)

Altars:
Ashenzari
Cheibriados
Dithmenos
Elyvilon
Fedhas
Gozag
Hepliaklqana
Kikubaaqudgha
Makhleb
Nemelex Xobeh
Okawaru
Qazlal
Ru
Sif Muna
Trog
Uskayaw
Vehumet
Wu Jian
Xom
Yredelemnul
Zin
The Shining One

Shops:
D:5 [=([   D:6 (

Annotations:
D:3 1 runed translucent door, Garessta's ghost, amateur DgWr
D:4 2 transporters, anet's ghost, novice HOCj


Innate Abilities, Weirdness & Mutations

You are immune to sickness and miasma.
Your stone body is resilient. (AC +7)
You are immune to poison.
You resist negative energy. (rN+)
You are resistant to electric shocks. (rElec)
You are resistant to unholy torment.
You are immune to petrification.


Message History

The two-headed ogre hits you with a +0 dire flail!
The two-headed ogre barely misses you.
Unknown command.
You hit the two-headed ogre.
The two-headed ogre is heavily wounded.
You hit the two-headed ogre but do no damage.
The two-headed ogre is heavily wounded.
You hit the two-headed ogre but do no damage.
The two-headed ogre is heavily wounded.
The wall freezes the two-headed ogre.
The two-headed ogre hits you with a +0 dire flail!!
The two-headed ogre barely misses you.
You hit the two-headed ogre.
The two-headed ogre is heavily wounded.
You hit the two-headed ogre but do no damage.
The two-headed ogre is heavily wounded.
Your shadow hits the two-headed ogre with a staff.
The wall freezes the two-headed ogre.
The two-headed ogre hits you with a +0 dire flail.
The two-headed ogre barely misses you.
You are too injured to fight recklessly!
You hit the two-headed ogre but do no damage.
The two-headed ogre is heavily wounded.
You hit the two-headed ogre.
The two-headed ogre is severely wounded.
Your shadow hits the two-headed ogre with a staff.
You completely miss the two-headed ogre.
The two-headed ogre is severely wounded.
Your shadow hits the two-headed ogre but does no damage.
The wall freezes the two-headed ogre!
The two-headed ogre hits you with a +0 dire flail!
* * * LOW HITPOINT WARNING * * *
The two-headed ogre hits you with a +0 dire flail!
* * * LOW HITPOINT WARNING * * *
As you read the scroll of fear, it crumbles to dust.
You assume a fearsome visage.
The two-headed ogre resists with some effort.
The wall freezes the two-headed ogre.
The two-headed ogre hits you with a +0 dire flail.
You die...

#....# #..#.# #####..#.#
#........# #.#..#####
#.#..# # #.#..#
###..#####....# ###
.......@......# #..
......O#....#.# ##+##..
.......#....#.####......
.......#....#......##...
.......#....#..##..##...
.......#....#..##.......
........................
########################


You could see a two-headed ogre.

Vanquished Creatures
  A two-headed ogre (D:8)
  A komodo dragon (D:9)
  2 wyverns (D:8)
  6 yaks
  Menkaure (D:6)
  A steam dragon (D:9)
  Edmund (D:5)
  A black bear (D:4)
  Duvessa (D:5)
  A swamp drake (D:9)
  3 orc warriors
  2 ogres
  6 centaurs
  6 bullfrogs
  2 kobold brigands
  A gnoll sergeant (D:5)
  2 scorpions
  2 necrophages
  Dowan (D:5)
  3 howler monkeys (D:7)
  2 gnoll boudas
  A jelly (D:6)
  13 orc priests
  2 hounds (D:5)
  Jessica (D:3)
  5 iguanas
  9 orc wizards
  12 gnolls
  3 river rats (Sewer)
  13 adders
  A shadow imp (D:7)
  3 white imps
  3 worms
  2 dart slugs
  65 orcs
  10 ball pythons
  11 bats
  7 endoplasms
  4 giant cockroaches
  5 goblins
  9 hobgoblins
  A jackal (Sewer)
  3 quokkas
  12 frilled lizards
  13 kobolds
  4 rats
258 creatures vanquished.

Vanquished Creatures (others)
  37 plants
37 creatures vanquished.

Grand Total: 295 creatures vanquished

Notes
Turn   | Place    | Note
-------+----------+-------------------------------------------
     0 | D:1      | 2tc the Gargoyle Ice Elementalist began the quest for the
                  | Orb.
     0 | D:1      | Reached XP level 1. HP: 10/10 MP: 3/3
   313 | D:1      | Reached XP level 2. HP: 15/15 MP: 5/5
   859 | D:1      | Found a faded altar of an unknown god.
   867 | D:1      | Prayed at the altar of an unknown god.
   867 | D:1      | Became a worshipper of Dithmenos the Shadowed
   867 | D:1      | Reached * piety under Dithmenos
  1510 | D:2      | Reached skill level 5 in Ice Magic
  1510 | D:2      | Reached XP level 3. HP: 16/19 MP: 4/6
  2183 | D:2      | Reached XP level 4. HP: 24/24 MP: 2/7
  2320 | D:2      | You fall into a shaft and drop 2 floors!
  2384 | D:4      | Reached XP level 5. HP: 26/28 MP: 0/8
  2388 | D:4      | Learned a level 3 spell: Frozen Ramparts
  2531 | D:4      | Reached ** piety under Dithmenos
  2759 | D:3      | Found an iron altar of Okawaru.
  2914 | D:3      | Reached XP level 6. HP: 20/32 MP: 3/9
  3260 | D:3      | Found a radiant altar of Vehumet.
  3262 | D:3      | Noticed Jessica
  3275 | D:3      | Killed Jessica
  3457 | D:3      | Identified the +1 pair of gloves of Indecent Exposure {Harm
                  | Regen+}
  3689 | D:3      | Found a runed translucent door.
  3693 | D:3      | Noticed Garessta's ghost (amateur DgWr)
  4147 | D:4      | Found a shadowy altar of Dithmenos.
  4170 | D:4      | Noticed a black bear
  4193 | D:4      | Killed a black bear
  4296 | D:4      | Noticed anet's ghost (novice HOCj)
  4304 | D:4      | Found a transporter.
  4578 | D:4      | Found a transporter.
  5080 | D:5      | Entered Level 5 of the Dungeon
  5096 | D:5      | Found Cantahic's Weapon Shoppe.
  5097 | D:5      | Found a glowing drain.
  5120 | D:5      | Learned a level 3 spell: Ozocubu's Armour
  5130 | Sewer    | Entered a sewer
  5462 | Sewer    | Reached XP level 7. HP: 36/36 MP: 10/10
  5551 | Sewer    | Identified a scroll of acquirement
  5551 | Sewer    | Acquired a staff of earth
  6091 | D:5      | Reached *** piety under Dithmenos
  6150 | D:5      | Found Xoanosk's Antique Armour Shop.
  6286 | D:5      | Found Coel's Jewellery Emporium.
  6342 | D:5      | Found a staircase to the Ecumenical Temple.
  6359 | Temple   | Entered the Ecumenical Temple
  6798 | D:5      | Noticed Edmund
  6808 | D:5      | Reached skill level 1 in Staves
  6878 | D:5      | Killed Edmund
  6879 | D:5      | Reached skill level 3 in Staves
  6879 | D:5      | Reached XP level 8. HP: 18/41 MP: 0/11
  7134 | D:5      | Found Ubuanauc's Antique Armour Emporium.
  7149 | D:5      | Reached skill level 4 in Staves
  7267 | D:5      | Noticed Duvessa
  7269 | D:5      | Noticed Dowan
  7279 | D:5      | Killed Duvessa
  7283 | D:5      | Killed Dowan
  7284 | D:5      | Reached skill level 5 in Staves
  7433 | D:6      | Found Litruik's Antique Weapon Emporium.
  7708 | D:6      | Reached skill level 6 in Staves
  7991 | D:6      | Noticed Menkaure
  8009 | D:6      | Killed Menkaure
  8768 | D:7      | Reached skill level 7 in Staves
  8837 | D:7      | Reached XP level 9. HP: 44/45 MP: 12/12
  8925 | D:7      | Found a shimmering altar of Xom.
  8925 | D:7      | Found a blossoming altar of Fedhas.
  8933 | D:7      | Found a sacrificial altar of Ru.
  8935 | D:7      | Found an ancient bone altar of Kikubaaqudgha.
  8936 | D:7      | Found a snail-covered altar of Cheibriados.
  9239 | D:7      | Found a hide-covered altar of Uskayaw.
  9242 | D:7      | Noticed a +0 dagger
  9242 | D:7      | Noticed a +0 dagger
  9257 | D:7      | Reached skill level 8 in Staves
  9928 | D:8      | Noticed a two-headed ogre
 10014 | D:8      | HP: 2/45 [orc priest/divine providence (16)]
 10015 | D:8      | Reached skill level 9 in Staves
 10583 | D:8      | Killed a two-headed ogre
 10584 | D:8      | Reached skill level 10 in Staves
 10632 | D:8      | Reached **** piety under Dithmenos
 10633 | D:8      | Reached XP level 10. HP: 39/50 MP: 7/13
 10651 | D:8      | Reached skill level 11 in Staves
 11424 | D:9      | Found a staircase to the Lair.
 11735 | D:8      | Learned a level 4 spell: Hailstorm
 12000 | D:9      | Reached skill level 12 in Staves
 12000 | D:9      | Reached skill level 1 in Earth Magic
 12308 | D:9      | Reached skill level 5 in Earth Magic
 13775 | D:9      | Found a staircase to the Orcish Mines.
 13817 | D:9      | Reached skill level 1 in Fighting
 14212 | D:10     | Entered Level 10 of the Dungeon
 14436 | D:10     | Found a white marble altar of Elyvilon.
 14510 | D:10     | Reached skill level 1 in Conjurations
 14692 | D:10     | Noticed a two-headed ogre
 14706 | D:10     | Slain by a two-headed ogre

Illustrated notes

Levels and vault maps discovered:
D:1:      sevenhm_arrival_forest_fort_large_4, layout_basic,
          ebering_ecumenical_altar_petrified, supply_closet_lemuel
D:2:      layout_loops_corners, minmay_indecisive_spiral
D:3:      layout_loops_ring, nicolae_overflow_crystal_walls, okawaru_trees_2,
          ebering_ghost_reflecting_pool, uniq_jessica
D:4:      layout_layer_cave, nicolae_dithmenos_the_darkroom,
          gammafunk_ghost_stat_death, grunt_decor_fettered
D:5:      layout_loops_cross, temple_statues, serial_shops,
          nicolae_diamond_shop, shop, nicolae_shop_overgrown_old_shop, shop,
          gup_sewer_entry_glass, uniq_duvessa, uniq_edmund
D:6:      layout_loops_ring, serial_shops, shop, uniq_menkaure
D:7:      layout_basic, chequers_temple_overflow_minitemple,
          dancing_weapons_uskayaw
D:8:      layout_rooms, special_room [special_room_orc], enter_bailey_2,
          minmay_misc_feat_tower, david_defended_altar_orc
D:9:      layout_rooms, david_lair_shrubbed, erik_orc_1
D:10:     layout_stronghold, lemuel_doored_altar, uniq_gastronok
Temple:   hellmonk_temple_flake

Skill      XL: |  1  2  3  4  5  6  7  8  9 10 |
---------------+-------------------------------+-----
Ice Magic      | 5 6 7 8 9 |  9.2
Staves         | 3 7 10 12 | 12.0
Earth Magic    | 6 |  6.0
Fighting       | 2 |  2.7
Conjurations   | 2 |  2.4
Dodging        | |  1.5
Stealth        | |  2.1
Spellcasting   | |  2.0

Action                   |  1- 3 |  4- 6 |  7- 9 | 10-12 || total
-------------------------+-------+-------+-------+-------++-------
Melee: Dagger            |    56 |   106 |   269 |   110 ||   541
       Unarmed           |     6 |       |       |       ||     6
       Punch             |     2 |     1 |     5 |     4 ||    12
       Staff             |       |       |       |   216 ||   216
 Cast: Freeze            |    21 |    48 |    48 |    20 ||   137
       Frozen Ramparts   |       |     2 |    11 |    18 ||    31
       Ozocubu's Armour  |       |       |    11 |    18 ||    29
       Hailstorm         |       |       |       |     2 ||     2
Evoke: Wand              |       |       |    10 |     4 ||    14
  Use: Scroll            |     2 |     5 |    10 |     5 ||    22
       Potion            |       |       |     3 |       ||     3
 Stab: Sleeping          |     6 |     8 |     6 |     1 ||    21
       Distracted        |       |       |       |     1 ||     1
       Confused          |       |       |       |     1 ||     1
Armor: Robe              |    20 |    34 |   108 |    93 ||   255
Dodge: Dodged            |    52 |    82 |   158 |   169 ||   461
Block: Other             |    10 |    22 |    57 |       ||    89
       Reflection        |       |       |     1 |       ||     1

Table legend: (Time is in decaauts)
 A = Elapsed time spent in this place.
 B = Non-inter-level travel time spent in this place.
 C = Inter-level travel time spent in this place.
 D = Time resting spent in this place.
 E = Time spent auto-exploring this place.
 F = Levels seen in this place.
 G = Mean time per level.
                   A        B        C        D        E       F      G
               +--------+--------+--------+--------+--------+-----+--------+
         Total |  14790 |  14396 |    394 |   1439 |  10721 |  12 | 1232.5 |
       Dungeon |  13678 |  13294 |    384 |   1439 |   9859 |  10 | 1367.8 |
        Temple |    155 |    145 |     10 |      0 |    133 |   1 |  155.0 |
         Sewer |    955 |    955 |      0 |      0 |    729 |   1 |  955.0 |
               +--------+--------+--------+--------+--------+-----+--------+

Top non-repeatable levels by time:
     D:8: 2170 daAuts
     D:9: 1999 daAuts
     D:1: 1503 daAuts
     D:5: 1386 daAuts
     D:4: 1382 daAuts
     D:7: 1282 daAuts
     D:6: 1277 daAuts
     D:2: 1161 daAuts
     D:3: 1032 daAuts
   Sewer: 955 daAuts
    D:10: 481 daAuts
  Temple: 155 daAuts
